 Dungeon Crawl Stone Soup version 0.18-a0-845-gc59c8fa (webtiles) character file.

65 Proton the Insei (level 4, -1/24 HPs)
             Began as a Vine Stalker Monk on Dec 20, 2015.
             Slain by a river rat (7 damage)
             ... on level 3 of the Dungeon.
             The game lasted 00:02:24 (1801 turns).

Proton the Insei (Vine Stalker Monk)                Turns: 1801, Time: 00:02:24

Health: -1/24      AC:  3    Str: 15    XL:     4   Next: 14%
Magic:  0/5        EV: 13    Int: 10    God:
Gold:   79         SH:  0    Dex: 16    Spells: 0 memorised, 3 levels left

rFire  . . .     SeeInvis .       - Unarmed
rCold  . . .     Gourm    .     a - +0 robe
rNeg   . . .     Faith    .     (no shield)
rPois  .         Spirit   +     (no helmet)
rElec  .         Dismiss  .     (no cloak)
rCorr  .         Reflect  .     (no gloves)
SustAt .         Harm     .     e - +0 pair of boots (curse)
MR     .....                    (no amulet)
Stlth  ++........               (no ring)
                                (no ring)

@: not resistant to hostile enchantments, unstealthy
A: fangs 2, regeneration 1, magic shield, antimagic bite, no device heal 3, rot
immunity
a: no special abilities


You were on level 3 of the Dungeon.
You were not hungry.

You visited 1 branch of the dungeon, and saw 3 of its levels.

You collected 79 gold pieces.

Inventory:

Armour
 a - a +0 robe (worn)
 e - a cursed +0 pair of boots (worn)
Scrolls
 c - a scroll of noise {unknown}
 d - 2 scrolls of remove curse {unknown}
 g - a scroll of teleportation {unknown}
 i - a scroll of immolation {unknown}
 j - a scroll of identify {unknown}
 m - a scroll of magic mapping {unknown}
Potions
 h - a potion of mutation {unknown}
 k - a potion of agility {unknown}
 l - a potion of cure mutation {unknown}
Comestibles
 b - 5 bread rations
 f - a meat ration


   Skills:
 + Level 3.1 Fighting
 + Level 1.4 Armour
 + Level 2.7 Dodging
 - Level 2.4 Stealth
 * Level 4.5 Unarmed Combat


You had 3 spell levels left.
You didn't know any spells.

Dungeon Overview and Level Annotations

Branches:
Dungeon (3/15)

Altars:

Annotations:
D:2 Terence


Innate Abilities, Weirdness & Mutations

You have extremely sharp teeth.
Your natural rate of healing is unusually fast.
When hurt, damage is shared between your health and your magic reserves.
Your bite disrupts and absorbs the magic of your enemies.
Potions and wands cannot restore your health.
You are immune to rotting.


Message History

You closely miss the river rat.
The river rat is moderately wounded.
The river rat closely misses you.
You hit the river rat. Your bite misses the river rat.
The river rat is heavily wounded.
The river rat barely misses you.
You completely miss the river rat. Your bite misses the river rat.
The river rat is heavily wounded.
The river rat misses you.
You hit the river rat but do no damage.
The river rat is heavily wounded.
The river rat barely misses you.
You hit the river rat but do no damage.
You bite the river rat, but do no damage.
The river rat is heavily wounded.
You hit the river rat but do no damage. Your punch misses the river rat.
Your bite misses the river rat.
The river rat is heavily wounded.
The river rat bites you!
You die...

#.# #.#####†).. #.#
#.# #..... #.#
#.####..#.. #.#
#.#....(#.. ######.#
#.#.#.###.. #......#
##...#.# #..
#.#..#.## ##..#...#
#..
#.##....####...#.###
###
#.#.+##@.##†.#.#.#
#...#≈r#..#.##.#.#
#..##≈≈##...##.#.#
##.#≈≈≈≈#.####.#.#
#.#≈≈≈≈#.# #.#.#
#.##≈≈##.# #.#.#
##..#≈≈#..# #...#
#..##++##.# #..##
#..# #.# #..#


You could see a river rat.

Vanquished Creatures
  An adder (D:2)
  3 worms (D:3)
  6 giant geckos
  3 bats
  3 giant cockroaches
  7 hobgoblins
  4 jackals (D:1)
  3 kobolds
  2 giant newts
  6 goblins
  4 rats
42 creatures vanquished.

Notes
Turn   | Place    | Note
--------------------------------------------------------------
     0 | D:1      | Proton the Vine Stalker Monk began the quest for the Orb.
     0 | D:1      | Reached XP level 1. HP: 11/11 MP: 2/2
   227 | D:1      | Reached XP level 2. HP: 8/16 MP: 1/3
  1276 | D:2      | Reached XP level 3. HP: 20/20 MP: 4/4
  1444 | D:2      | Noticed Terence
  1480 | D:3      | Reached skill level 1 in Armour
  1701 | D:3      | Reached XP level 4. HP: 15/24 MP: 3/5
  1801 | D:3      | Slain by a river rat

Vault maps used:
D:1:      mrwooster_arrival_arrow
D:2:      minitemple, nrook_mini_vaults, uniq_robin, uniq_terence
D:3:      gup_sewer_entry_bowl, corexii_leaking_fountain

Action                   |  1- 3 |  4- 6 || total
-------------------------+-------+-------++-------
Melee: Unarmed           |   129 |    30 ||   159
 Stab: Sleeping          |     5 |       ||     5
  Eat: Meat ration       |     1 |       ||     1
       Beef jerky        |     1 |       ||     1
